 Dungeon Crawl Stone Soup version 0.29.1-4-g47bece8355 (webtiles) character file.

Game seed: 3397408908410010120

16 ChadusMaximus the Caller (level 2, -2/19 HPs)
             Began as a Human Summoner on Dec 6, 2022.
             Frozen to death by an endoplasm (5 damage)
             ... on level 1 of the Dungeon.
             The game lasted 00:01:20 (1293 turns).

ChadusMaximus the Caller (Human Summoner)           Turns: 1293, Time: 00:01:22

Health: -2/19      AC:  3    Str:  8    XL:     2   Next: 70%
Magic:  0/5        EV: 12    Int: 15    God:
Gold:   40         SH:  0    Dex: 13    Spells: 4/5 levels left

rFire   . . .      SeeInvis .   (no weapon)
rCold   . . .      Faith    .   (no shield)
rNeg    . . .      Spirit   .   a - +0 robe
rPois   .          Reflect  .   (no helmet)
rElec   .          Harm     .   (no cloak)
rCorr   .          Rampage  .   (no gloves)
Will    .....                   f - +0 pair of boots
Stlth   ++........              (no amulet)
HPRegen 0.06/turn               (no ring)
MPRegen 0.09/turn               (no ring)

@: no status effects
A: no striking features
a: no special abilities


You were on level 1 of the Dungeon.
You visited 1 branch of the dungeon, and saw 1 of its levels.

You collected 40 gold pieces.

Inventory:

Armour
 a - a +0 robe (worn)
 f - a +0 pair of boots (worn)
Jewellery
 j - a ring of ice
Scrolls
 c - 4 scrolls of teleportation {unknown}
 d - a scroll of enchant weapon {unknown}
 g - a scroll of enchant armour {unknown}
 h - a scroll of blinking {unknown}
Potions
 b - a potion of magic
 e - a potion of ambrosia {unknown}
 i - a potion of flight {unknown}


   Skills:
 + Level 2.3 Dodging
 + Level 2.3 Stealth
 + Level 2.2 Spellcasting
 + Level 4.1 Summonings


You had 4 spell levels left.
You knew the following spells:

 Your Spells              Type           Power      Damage    Failure   Level
a - Summon Small Mammal   Summ           56%        N/A       4%          1

Your spell library contained the following spells:

 Spells                   Type           Power      Damage    Failure   Level
 Call Imp                 Summ           14%        N/A       6%          2
 Call Canine Familiar     Summ           14%        N/A       12%         3
 Summon Guardian Golem    Hex/Summ       7%         N/A       28%         3
 Summon Lightning Spire   Summ/Air       7%         N/A       67%         4


Dungeon Overview and Level Annotations

Branches:
Dungeon (1/15)

Altars:


Message History

Casting: Summon Small Mammal (safe; 4% risk of failure)
Confirm with . or Enter, or press ? or * to list all spells.
You miscast Summon Small Mammal.
Nothing appears to happen.
Casting: Summon Small Mammal (safe; 4% risk of failure)
Confirm with . or Enter, or press ? or * to list all spells.
You don't have enough magic to cast this spell.
The endoplasm attacks as you move away! The endoplasm barely misses you.
The hobgoblin hits you. The hobgoblin misses you.
The hobgoblin attacks as you move away! The hobgoblin misses you.
The hobgoblin attacks as you move away!
The hobgoblin hits you but does no damage.
Your magical contamination has completely faded away.
Casting: Summon Small Mammal (safe; 4% risk of failure)
Confirm with . or Enter, or press ? or * to list all spells.
The hobgoblin closely misses you. The endoplasm freezes you.
You are frozen.
* * * LOW HITPOINT WARNING * * *
Your bat hits the hobgoblin but does no damage.
Your bat hits the hobgoblin. The hobgoblin attacks as you move away!
The hobgoblin closely misses you.
Your bat hits the hobgoblin but does no damage.
Your bat hits the endoplasm.
Your bat closely misses the hobgoblin.
Your bat hits the hobgoblin. The hobgoblin closely misses your bat.
The endoplasm attacks as you move away! The endoplasm hits you.
* * * LOW HITPOINT WARNING * * *
The endoplasm attacks as you move away!
The endoplasm hits you but does no damage.
The endoplasm attacks as you move away!
The endoplasm hits you but does no damage.
Your bat hits the endoplasm but does no damage.
Casting: Summon Small Mammal (safe; 4% risk of failure)
Confirm with . or Enter, or press ? or * to list all spells.
Your bat hits the endoplasm but does no damage.
Your bat hits the endoplasm. The endoplasm freezes you.
You are frozen.
You die...

###.##...#.#######.
#...#..^.#.........
#.###.........##### ##.#
#....####...... .### #..#
###### ####### .... #.##
# ..#.. ##.#
...#.####..###########
#...>...b.J@b.......#####
####..#..##########.....#
##...###############.####
##..##........# #.....
##.....b......# #####>
#..###.g......# ##
#................# #
#.......#).......#
#.......##########


You could see an endoplasm (ally target) and 2 friendly bats.

Vanquished Creatures
  An endoplasm (D:1)
  2 ball pythons (D:1)
  2 bats (D:1)
  A frilled lizard (D:1)
  A kobold (D:1)
  A rat (D:1)
8 creatures vanquished.

Vanquished Creatures (collateral kills)
  2 ball pythons (D:1)
  2 bats (D:1)
  2 endoplasms (D:1)
  A hobgoblin (D:1)
  A rat (D:1)
8 creatures vanquished.

Grand Total: 16 creatures vanquished

Notes
Turn   | Place    | Note
-------+----------+-------------------------------------------
     0 | D:1      | ChadusMaximus the Human Summoner began the quest for the
                  | Orb.
     0 | D:1      | Reached XP level 1. HP: 13/13 MP: 3/3
     2 | D:1      | Noticed a palentonga
     6 | D:1      | Noticed a draconian
     6 | D:1      | Noticed a vampire
     8 | D:1      | Noticed an octopode
     8 | D:1      | Noticed a felid
    10 | D:1      | Noticed a merfolk
    10 | D:1      | Noticed a vine stalker
    12 | D:1      | Noticed an ogre
    14 | D:1      | Noticed a demonspawn
    14 | D:1      | Noticed a ghoul
    17 | D:1      | Noticed a human
    17 | D:1      | Noticed a meteoran
    19 | D:1      | Noticed a naga
    19 | D:1      | Noticed a troll
    21 | D:1      | Noticed a spriggan
    23 | D:1      | Noticed a minotaur
    23 | D:1      | Noticed a formicid
    25 | D:1      | Noticed a tengu
    25 | D:1      | Noticed an elf
    27 | D:1      | Noticed a felid
    27 | D:1      | Noticed a demigod
    29 | D:1      | Noticed a vine stalker
   291 | D:1      | Reached XP level 2. HP: 3/19 MP: 3/5
  1070 | D:1      | Found a faded altar of an unknown god.
  1293 | D:1      | Frozen to death by an endoplasm

Illustrated notes

Levels and vault maps discovered:
D:1:      kb_arrival_jail, layout_rooms, shapermc_ecumenical_altar_flowoftime

Action                   || total
-------------------------++-------
Melee: Unarmed           ||    62
       Punch             ||     1
 Cast: Summon Small Mamm ||    26
 Stab: Sleeping          ||     1
Armor: Robe              ||    40
Dodge: Dodged            ||    77
